 Dungeon Crawl Stone Soup version 0.23.1-37-gaa34b87 (webtiles) character file.

Game seed: 14017255953993356163

61 Fang the Skirmisher (level 4, -3/29 HPs)
             Began as a Gargoyle Berserker on Mar 25, 2019.
             Was a Believer of Trog.
             Slain by Grinder (9 damage)
             ... on level 3 of the Dungeon.
             The game lasted 00:01:33 (2000 turns).

Fang the Skirmisher (Gargoyle Berserker)            Turns: 2000, Time: 00:01:34

Health: -3/29      AC:  5    Str: 22    XL:     4   Next: 7%
Magic:  4/4        EV: 12    Int:  7    God:    Trog [**....]
Gold:   144        SH:  0    Dex:  9    Spells: 3/3 levels left

rFire    . . .     SeeInvis .   a - +0 hand axe
rCold    . . .     Gourm    .   (no shield)
rNeg     + . .     Faith    .   b - +0 animal skin
rPois    ∞         Spirit   .   (no helmet)
rElec    +         Reflect  .   (no cloak)
rCorr    .         Harm     .   (no gloves)
MR       ++...                  (no boots)
Stlth    +.........             (no amulet)
HPRegen  1.09/turn              (no ring)
MPRegen  0.09/turn              (no ring)

@: regenerating
A: negative energy resistance 1, electricity resistance, unbreathing,
petrification resistance, rot immunity, AC +3
a: Berserk, Trog's Hand, Renounce Religion


You were on level 3 of the Dungeon.
You worshipped Trog.
Trog was pleased with you.
You were hungry.

You visited 1 branch of the dungeon, and saw 3 of its levels.

You collected 144 gold pieces.

Inventory:

Hand Weapons
 a - a +0 hand axe (weapon)
Armour
 b - a +0 animal skin (worn)
Scrolls
 e - 2 scrolls of blinking {unknown}
 g - a scroll of fog {unknown}
 i - 3 scrolls of identify {unknown}
 l - a scroll of noise {unknown}
Potions
 f - 2 potions of heal wounds {unknown}
 h - a potion of lignification {unknown}
 j - a potion of magic {unknown}
 k - a potion of curing {unknown}
Comestibles
 c - 5 rations


   Skills:
 + Level 3.8 Fighting
 + Level 3.1 Axes
 + Level 3.0 Armour
 + Level 2.2 Dodging


You had 3 spell levels left.
You didn't know any spells.
Your spell library was empty.

Dungeon Overview and Level Annotations

Branches:
Dungeon (3/15)

Altars:
Ashenzari
Dithmenos

Annotations:
D:3 Grinder


Innate Abilities, Weirdness & Mutations

You are resistant to torment.
Your stone body is resilient. (AC +3)
You are immune to poison.
You resist negative energy. (rN+)
You are resistant to electric shocks. (rElec)
You can survive without breathing.
You are immune to petrification.
You are immune to rotting.


Message History

You feel somewhat more hungry.
Grinder blinks!
Grinder gestures at you. You resist with almost no effort.
Okay, then.
You slash Grinder!
Grinder is moderately wounded.
Grinder hits you.
* * * LOW HITPOINT WARNING * * *
You writhe in agony.
* * * LOW HITPOINT WARNING * * *
You hit Grinder but do no damage.
Grinder is lightly wounded.
Grinder closely misses you.
You closely miss Grinder.
Grinder is lightly wounded.
Grinder closely misses you.
You hit Grinder.
Grinder is moderately wounded.
Grinder hits you!
You die...

#...............#..##..####
#.#########.#####..##..######
#.#####.....#...#..##...[....
#.#......####.#.#..##.......)
#.#.###..# #.#.#..##.......
#.#.###..####.#.#..##.....#
#.#.#....##...#.#..##.....#
#.#.#.##.######.#.....)...#
#.#.#.##.....@5.##.##.....# .
#.#.#.############.##.....#
#. #.#.#.# #.5...5..##.....#
#. #.#.#.# #.#########.....#
#. #.#.#.# #.#
............#+#.
#.#.#.#####.#
#...............
#.#.#.......#
#.####.#......>.
#.#.######### #>#........
##.#.# ###......#'#.


You could see Grinder.

Vanquished Creatures
  An adder (D:2)
  3 worms
  A dart slug (D:1)
  A leopard gecko (D:3)
  An orc (D:3)
  7 bats
  A giant cockroach (D:1)
  3 goblins
  9 hobgoblins
  6 frilled lizards
  4 kobolds
  4 rats
41 creatures vanquished.

Notes
Turn   | Place    | Note
-------+----------+-------------------------------------------
     0 | D:1      | Fang the Gargoyle Berserker began the quest for the Orb.
     0 | D:1      | Reached XP level 1. HP: 14/14 MP: 1/1
   191 | D:1      | Reached XP level 2. HP: 18/19 MP: 2/2
   330 | D:1      | Reached XP level 3. HP: 16/23 MP: 3/3
   736 | D:2      | Found a shadowy altar of Dithmenos.
  1084 | D:2      | Reached ** piety under Trog
  1106 | D:2      | Found a faded altar of an unknown god.
  1590 | D:2      | Found a shattered altar of Ashenzari.
  1707 | D:3      | Reached XP level 4. HP: 23/29 MP: 4/4
  1936 | D:3      | Noticed Grinder
  1936 | D:3      | Paralysed by Grinder for 7 turns
  1949 | D:3      | Paralysed by Grinder for 3 turns
  1967 | D:3      | Paralysed by Grinder for 2 turns
  2000 | D:3      | Slain by Grinder

Skill      XL: |  1  2  3  4 |
---------------+-------------+-----
Axes           | 3 |  3.1
Dodging        | 2 |  2.2
Armour         | 3 |  3.0
Fighting       | |  3.8

Action                   |  1- 3 |  4- 6 || total
-------------------------+-------+-------++-------
Melee: Hand axe          |   152 |    12 ||   164
Invok: Berserk           |     1 |       ||     1
       Trog's Hand       |       |     1 ||     1
 Stab: Sleeping          |     1 |       ||     1
  Eat: Chunk             |     4 |       ||     4
Armor: Animal skin       |    40 |     3 ||    43
Dodge: Dodged            |   128 |     9 ||   137
